 Dungeon Crawl Stone Soup version 0.30-a0-1116-gebefce21f7 (webtiles) character file.

Game seed: 5116332898625094003

1589869 Anon1729 the Executioner (level 25, 224/224 (228) HPs)
             Began as a Minotaur Monk on Apr 21, 2023.
             Was a Follower of Uskayaw.
             Escaped with the Orb
             ... and 3 runes!
             The game lasted 01:39:53 (73864 turns).

Anon1729 the Executioner (Minotaur Monk)           Turns: 73864, Time: 01:39:53

HP:   224/224 (228) AC: 39    Str: 27    XL:     25   Next: 56%
MP:   36/36         EV: 21    Int: 20    God:    Uskayaw [*.....]
Gold: 3665          SH:  0    Dex: 17    Spells: 37/42 levels left

rFire   + + +      SeeInvis .    a - +9 broad axe (spect)
rCold   + . .      Faith    .    d - orb {light}
rNeg    . . .      Spirit   .    A - +11 scale mail of Unreason {Int+3}
rPois   +          Reflect  .    B - +2 hat
rElec   +          Rampage  .    D - +2 cloak {Will+}
rCorr   .                        p - +2 pair of gloves {Dex+3}
Will    ++...                    x - +2 pair of boots Stlth
                                 i - amulet of the Air {Inacc Air Fly rElec RMsl}
HPRegen 0.57/turn                G - ring "Hanu" {rF+ rC+ Str+2 Int+6}
MPRegen 0.25/turn                r - ring "Riumeo" {rPois rF+}

@: flying, glowing, studying Staves, lightly drained, repel missiles
A: horns 2, retaliatory headbutt, clever 1, fire resistance 1, shaggy fur 1,
wild magic 1
0: Orb of Zot
}: 3/15 runes: serpentine, barnacled, silver
a: Renounce Religion, Stomp


You escaped.
You worshipped Uskayaw.
Uskayaw was greatly pleased with you.
You visited 10 branches of the dungeon, and saw 48 of its levels.
You also visited: Bailey, Gauntlet, Ice Cave and Wizlab.

You collected 8061 gold pieces.
You spent 4396 gold pieces at shops.

Inventory:

Hand Weapons
 a - a +9 spectral broad axe (weapon)
Missiles
 H - 10 silver javelins
Armour
 d - an orb of light (worn)
 p - a +2 pair of gloves of dexterity (worn)
 x - a +2 pair of boots (worn)
 A - the +11 scale mail of Unreason (worn) {Int+3}
   (You found it on level 2 of the Dungeon)

   Int:       It affects your intelligence (+3).
 B - a +2 hat (worn)
 D - a +2 cloak of willpower (worn)
Jewellery
 g - an amulet of faith
 i - the amulet of the Air (around neck) {Inacc Air Fly rElec RMsl}
   (You bought it in a shop on level 3 of the Shoals)

   [amulet of nothing]

   Inacc:     It reduces the accuracy of your attacks and spells.
   Air:       It enhances your air magic.
   rElec:     It insulates you from electricity.
   Fly:       It grants you flight.
   RMsl:      It protects you from missiles.
 r - the ring "Riumeo" (right hand) {rPois rF+}
   (You bought it in a shop on level 3 of the Shoals)

   [ring of poison resistance]

   rF:        It protects you from fire.
   rPois:     It protects you from poison.
 G - the ring "Hanu" (left hand) {rF+ rC+ Str+2 Int+6}
   (You bought it in a shop on level 7 of the Dungeon)

   [ring of intelligence]

   Str:       It affects your strength (+2).
   Int:       It affects your intelligence (+6).
   rF:        It protects you from fire.
   rC:        It protects you from cold.
 R - a +6 ring of intelligence
 S - the ring "Ysseme" {rC+ rN+ Int+4}
   (You found it in an ice cave)

   [ring of protection from cold]

   Int:       It affects your intelligence (+4).
   rC:        It protects you from cold.
   rN:        It protects you from negative energy.
 T - the ring of Avamy {Str+4 Int+6}
   (You found it in a Gauntlet)

   [ring of intelligence]

   Str:       It affects your strength (+4).
   Int:       It affects your intelligence (+6).
 X - the dreamshard necklace {*Dream Drain}
   (You took it off a deep elf annihilator on level 3 of the Elven Halls)

   [amulet of nothing]

   *Dream:    It shatters if its wearer takes lethal or near-lethal damage,
   preventing the blow and releasing protective dreams that heal and fight for
   the wearer.
   Drain:     It drains your maximum health when unequipped.
 Z - a ring of resist corrosion
Wands
 b - a wand of flame (87)
 h - a wand of acid (28)
 l - a wand of mindburst (10)
 C - a wand of polymorph (44)
 L - a wand of roots (43)
 V - a wand of charming (50)
Scrolls
 e - 11 scrolls of blinking
 k - 24 scrolls of teleportation
 o - 7 scrolls of enchant weapon
 s - 13 scrolls of immolation
 v - 11 scrolls of poison
 w - 6 scrolls of vulnerability
 y - a scroll of enchant armour
 z - 4 scrolls of brand weapon
 E - 8 scrolls of fear
 M - 3 scrolls of butterflies
 P - 9 scrolls of fog
 U - 9 scrolls of magic mapping
 Y - 6 scrolls of silence
Potions
 c - 10 potions of ambrosia
 f - 8 potions of magic
 j - 12 potions of heal wounds
 m - 12 potions of flight
 n - 11 potions of brilliance
 q - 27 potions of curing
 t - 11 potions of might
 u - 3 potions of cancellation
 F - 7 potions of haste
 I - 8 potions of attraction
 J - 3 potions of berserk rage
 N - 2 potions of mutation
 O - 3 potions of resistance
 W - 6 potions of invisibility
Miscellaneous
 K - a phial of floods
 Q - a condenser vane


   Skills:
 + Level 19.5 Fighting
 * Level 26.1 Axes
 * Level 25.5 Armour
 + Level 17.9 Dodging
 - Level 9.0 Spellcasting
 - Level 6.7 Transmutations
 + Level 8.4 Earth Magic
 * Level 21.6 Invocations
 * Level 14.2 Evocations


You had 37 spell levels left.
You knew the following spells:

 Your Spells              Type           Power      Damage    Failure   Level
a - Wereblood             Tmut           46%        N/A       2%          2
b - Apportation           Tloc           22%        N/A       16%         1
c - Passwall              Tmut/Erth      41%        N/A       1%          2

Your spell library contained the following spells:

 Spells                   Type           Power      Damage    Failure   Level
 Sandblast                Erth           100%       2d20      1%          1
 Sting                    Tmut/Pois      100%       1d8       4%          1
 Petrify                  Tmut/Erth      50%        N/A       8%          4
 Stone Arrow              Conj/Erth      66%        3d11      10%         3
 Spider Form              Tmut/Pois      29%        N/A       13%         3
 Lee's Rapid Deconstruct  Erth           26%        3d14*     14%         5
 Foxfire                  Conj/Fire      44%        2x1d6     16%         1
 Freeze                   Ice            44%        1d6       16%         1
 Kiss of Death            Conj/Necr      44%        2d8       16%         1
 Magic Dart               Conj           44%        1d5       16%         1
 Necrotise                Necr           44%        1d6       16%         1
 Slow                     Hex            44%        N/A       16%         1
 Summon Small Mammal      Summ           44%        N/A       16%         1
 Ignite Poison            Fire/Tmut/Pois 23%        N/A       19%         3
 Cigotuvi's Dreadful Rot  Necr/Pois/Air  34%        N/A       22%         2
 Ensorcelled Hibernation  Hex/Ice        22%        N/A       22%         2
 Lesser Beckoning         Tloc           22%        N/A       22%         2
 Poisonous Vapours        Pois/Air       34%        N/A       22%         2
 Searing Ray              Conj           22%        2d5       22%         2
 Sublimation of Blood     Necr           11%        N/A       22%         2
 Animate Armour           Summ/Erth      66%        N/A       26%         4
 Blade Hands              Tmut           23%        N/A       26%         5
 Call Canine Familiar     Summ           11%        N/A       41%         3
 Confusing Touch          Hex            11%        N/A       41%         3
 Dazzling Flash           Conj/Hex       22%        N/A       41%         3
 Frozen Ramparts          Ice            22%        1d4       41%         3
 Gell's Gravitas          Tloc           11%        N/A       41%         3
 Hailstorm                Conj/Ice       11%        3d5       41%         3
 Inner Flame              Hex/Fire       11%        N/A       41%         3
 Mephitic Cloud           Conj/Pois/Air  17%        N/A       41%         3
 Ozocubu's Armour         Ice            11%        N/A       41%         3
 Portal Projectile        Hex/Tloc       22%        N/A       41%         3
 Summon Guardian Golem    Hex/Summ       11%        N/A       41%         3
 Teleport Other           Tloc           11%        N/A       41%         3
 Tukima's Dance           Hex            11%        N/A       41%         3
 Vampiric Draining        Necr           11%        2d6       41%         3
 Vhi's Electric Charge    Tloc/Air       34%        N/A       41%         3
 Volatile Blastmotes      Fire/Tloc      22%        2d11      41%         3
 Borgnjor's Vile Clutch   Necr/Erth      16%        N/A       56%         5
 Alistair's Intoxication  Tmut/Pois      19%        N/A       67%         5
 Irradiate                Conj/Tmut      14%        3d16      67%         5
 Yara's Violent Unravell  Hex/Tmut       14%        3d7       67%         5
 Statue Form              Tmut/Erth      33%        N/A       67%         6
 Anguish                  Hex/Necr       5%         N/A       78%         4
 Cause Fear               Hex            5%         N/A       78%         4
 Dispel Undead            Necr           11%        3d9       78%         4
 Fulminant Prism          Conj/Hex       5%         3d7       78%         4
 Iskenderun's Mystic Bla  Conj/Tloc      11%        2d4       78%         4
 Olgreb's Toxic Radiance  Pois           11%        N/A       78%         4
 Passage of Golubria      Tloc           11%        N/A       78%         4
 Sticky Flame             Conj/Fire      11%        2d3       78%         4
 Summon Lightning Spire   Summ/Air       17%        N/A       78%         4
 Agony                    Necr           11%        N/A       98%         5
 Fireball                 Conj/Fire      5%         3d5       98%         5
 Freezing Cloud           Conj/Ice/Air   8%         6-21      98%         5
 Iskenderun's Battlesphe  Conj           11%        2d7       98%         5
 Metabolic Englaciation   Hex/Ice        5%         N/A       98%         5
 Silence                  Hex/Air        8%         N/A       98%         5
 Summon Forest            Summ/Tloc      5%         N/A       98%         5
 Summon Mana Viper        Hex/Summ       11%        N/A       98%         5
 Iron Shot                Conj/Erth      16%        9d4       98%         6
 Eringya's Noxious Bog    Tmut/Pois      14%        N/A       99%         6
 Conjure Ball Lightning   Conj/Air       8%         3x3d6     100%        6
 Plasma Beam              Fire/Air       8%         2x1d21    100%        6
 Simulacrum               Ice/Necr       5%         N/A       100%        6
 Starburst                Conj/Fire      5%         6d4       100%        6
 Summon Cactus Giant      Summ           5%         N/A       100%        6
 Dragon Form              Tmut           23%        N/A       100%        7
 Enfeeble                 Hex            5%         N/A       100%        7
 Malign Gateway           Summ/Tloc      5%         N/A       100%        7
 Orb of Destruction       Conj           5%         9d5       100%        7
 Ozocubu's Refrigeration  Ice            5%         4d8       100%        7
 Storm Form               Tmut/Air       21%        N/A       100%        7
 Summon Hydra             Summ           5%         N/A       100%        7
 Infestation              Necr           5%         N/A       100%        8
 Lehudib's Crystal Spear  Conj/Erth      16%        10d5      100%        8
 Maxwell's Capacitive Co  Air            8%         ∞         100%        8
 Fire Storm               Conj/Fire      5%         8d2       100%        9


Dungeon Overview and Level Annotations

Branches:
Dungeon (15/15)            Temple (1/1) D:6            Lair (5/5) D:8
 Shoals (4/4) Lair:3        Snake (4/4) Lair:2        Slime (0/5) Lair:5
    Orc (2/2) D:9             Elf (3/3) Orc:2        Vaults (5/5) D:14
  Crypt (0/3) Vaults:2     Depths (4/4) D:15            Zot (5/5) Depths:4
 Bailey (visited)           IceCv (visited)          WizLab (visited)
Gauntlet (visited)

Altars:
Ashenzari
Cheibriados
Dithmenos
Elyvilon
Fedhas
Gozag
Kikubaaqudgha
Nemelex Xobeh
Ru
Sif Muna
Trog
Uskayaw
Vehumet
Wu Jian
Xom
Yredelemnul
Zin
The Shining One
Lugonu

Shops:
D:3 :   D:7 *   D:9 *   D:10 :   D:12 !   Orc:2 **!(   Elf:2 =   Shoals:3 =
Shoals:4 :*   Snake:1 [(=   Vaults:1 *   Vaults:2 [   Depths:4 ::=

Portals:
Hell: Depths:1 Depths:2 Depths:3 Depths:4
Abyss: Depths:1 Depths:3
Pandemonium: Depths:1 Depths:2 Depths:4
Ziggurat: Depths:2

Annotations:
D:15 2 runed translucent doors, Domino's ghost, journeyman MiBe
Orc:2 2 transporters, zurenarrh's ghost, journeyman FoEE
Elf:2 1 runed translucent door


Innate Abilities, Weirdness & Mutations

You have a pair of horns on your head.
You reflexively headbutt those who attack you in melee.
Your mind is acute. (Int +4, Str/Dex -1)
Your flesh is heat resistant. (rF+)
You are covered in fur. (AC +1)
Your spells are a little harder to cast, but a little more powerful.


Message History

Your spectral weapon shares its damage with you!
Your +9 spectral broad axe disappears.
You slice the Orb Guardian!!
You kill the Orb Guardian!
You can now pass through a line of other dancers.
No target in view!
No target in view!
No target in view!
No target in view!
No target in view!
No target in view!
No target in view!
No target in view!
(D) Dungeon (T) Temple (L) Lair (A) Shoals (P) Snake Pit (M) Slime Pits (O) Orcish Mines (E) Elven Halls (V) Vaults (C) Crypt (U) Depths (H) Hell (Z) Zot
Where to? (Enter - D:3 @ (x,y), ? - help)
What level of the Dungeon? (default 1, ? - help)
A shadow demon comes into view.
There is a stone staircase leading up here.
You fly upwards.
There is a stone staircase leading down here.
(D) Dungeon (T) Temple (L) Lair (A) Shoals (P) Snake Pit (M) Slime Pits (O) Orcish Mines (E) Elven Halls (V) Vaults (C) Crypt (U) Depths (H) Hell (Z) Zot
Where to? (Enter - D:1, ? - help)
What level of the Dungeon? (default 1, ? - help)
There is an escape hatch in the ceiling here.
A mysterious force pulls you upwards. The hatch slams shut behind you.
HP restored.
There is an escape hatch in the floor here.
There is a large open door here.
A Tzitzimitl comes into view.
Okay, then.
Blink to where?
Press: ? - help, Dir - move target
As you read the scroll of blinking, it crumbles to dust.
You have escaped!

########### #...(.# #.........#
#.....# #.....)...### ####.##
#...........# #.# #.........#.#
#.## #.........#.###########
#... .(..###.###...........#
###. ....# #.# ###########.# #.
....# #.####8...@..8#.# ##
)...# #....#§......≈#.# ....#
####.#≈1.....≈#.######### ....#
#.#≈......≈#.##......# ..).#
#.#≈..88..≈#.##......#
...)######.#≈......§#.##......#
........)..#§......≈#.##......#
.###########≈......≈#.##......#
.# #8......8#.#####'###


You could see a Tzitzimitl.

Vanquished Creatures
  5 orbs of fire
  3 dread liches (Zot:5)
  6 ancient liches
  Mara (Vaults:3)
  6 Killer Klowns (Zot:5)
  Vashnia (Snake:3)
  Margery (Vaults:5)
  Bai Suzhen (Depths:2)
  The ghost of Uhurudgh the Gelid, a veteran DgEE (Vaults:2)
  Nikola (Vaults:2)
  6 golden dragons
  Jory (Depths:4)
  A profane servitor (Zot:4)
  A bone dragon (Depths:4)
  4 electric golems
  4 hellephants
  26 Orb Guardians
  Rupert (D:13)
  9 tentacled monstrosities
  A walking earthen tome (Depths:4)
  3 titans
  5 liches
  Asterion (Vaults:1)
  2 deep elf blademasters
  2 deep elf master archers (Elf:3)
  7 quicksilver dragons
  The ghost of Xarreyl the Stormcaller, an adept TeCA of Ignis (Elf:2)
  An ancient champion (Vaults:2)
  An Executioner (Depths:3)
  Kirke (D:14)
  6 death cobs
  Donald (Snake:1)
  6 sphinxes
  8 shadow dragons
  10 storm dragons
  5 tengu reavers
  11 nagarajas
  An azure jelly (IceCv)
  5 draconian knights
  Ilsuiw (Shoals:3)
  4 fire giants
  5 frost giants
  4 draconian monks
  4 iron dragons
  8 deep elf sorcerers
  4 draconian scorchers
  3 balrugs
  Aizul (Snake:4)
  19 vault wardens
  2 ghost moths (Zot:5)
  2 draconian shifters
  4 draconian annihilators
  22 ironbound preservers
  2 reapers
  6 draconian stormcallers
  A stone giant (shapeshifter) (Vaults:1)
  2 war gargoyles (Vaults:2)
  4 demonspawn corrupters (WizLab)
  2 deep elf elementalists (Elf:3)
  17 very ugly things
  12 stone giants
  A cacodemon (WizLab)
  2 quicksilver oozes (IceCv)
  9 ironbound thunderhulks
  Azrael (Snake:2)
  13 deep elf annihilators
  9 white draconians
  11 yellow draconians
  Nessos (D:12)
  14 deep elf demonologists
  10 dire elephants
  8 purple draconians
  9 black draconians
  7 green draconians
  9 red draconians
  3 spark wasps
  A minotaur (Gauntlet)
  Snorg (D:11)
  7 deep elf death magi
  6 fire dragons
  2 crystal guardians
  2 entropy weavers
  5 merfolk impalers
  12 ettins
  6 merfolk javelineers
  4 yaktaur captains
  2 blizzard demons
  4 deep elf high priests
  33 vault guards
  A rakshasa (Depths:3)
  4 salamander tyrants
  A hydra (shapeshifter) (Zot:5)
  An ogre mage (Vaults:5)
  4 great orbs of eyes
  Fannar (D:12)
  A spriggan air mage (Depths:2)
  6 ice dragons
  2 catoblepae
  A boulder beetle (shapeshifter) (Vaults:5)
  11 anacondas
  Erica (D:8)
  10 centaur warriors
  A hydra (D:15)
  3 peacekeepers
  3 boulder beetles
  4 ironbound frosthearts
  6 merfolk aquamancers
  A hell beast (D:8)
  7 merfolk avatars
  A death knight (D:15)
  A satyr (Shoals:2)
  23 dancing weapons
  5 deep troll earth magi
  3 deep troll shamans
  A vampire mage (D:15)
  8 tengu warriors
  15 naga sharpshooters
  A death yak (Lair:5)
  14 naga warriors
  4 orc high priests
  8 shock serpents
  4 spriggan berserkers
  2 soul eaters
  4 sun demons
  30 hell knights
  16 deep elf knights
  2 sixfirhies
  A skeletal warrior (D:15)
  8 iron trolls
  2 salamander mystics
  A shadow wraith (Vaults:5)
  A skyshark (shapeshifter) (Vaults:3)
  7 skysharks
  2 death drakes (shapeshifter)
  A goliath frog (shapeshifter) (Zot:5)
  72 deep trolls
  A spriggan druid (WizLab)
  12 sea snakes
  2 glowing orange brains
  An orange crystal statue (Zot:5)
  An obsidian statue (D:9)
  12 lindwurms
  7 naga ritualists
  5 deep elf archers
  19 ironbound convokers
  9 necromancers
  16 wizards
  A lindwurm (shapeshifter) (D:15)
  6 orc knights
  A phantasmal warrior (Vaults:1)
  37 harpies
  23 deep elf zephyrmancers
  A mana viper (shapeshifter) (Zot:5)
  10 orc sorcerers
  5 mana vipers
  26 deep elf pyromancers
  19 moths of wrath
  A shining eye (shapeshifter) (Vaults:1)
  11 salamanders
  2 frost giant zombies (D:15)
  2 cyclopes (shapeshifter)
  A salamander (shapeshifter) (D:15)
  A fire giant skeleton (D:15)
  15 cyclopes
  19 manticores
  37 ugly things
  9 fauns
  2 worldbinders (WizLab)
  4 rust devils
  A stone giant skeleton (D:15)
  5 merfolk sirens
  19 naga magi
  2 apocalypse crabs (Zot:5)
  7 water nymphs
  15 vault sentinels
  An ice statue (IceCv)
  4 elephants (Lair:5)
  A molten gargoyle (Gauntlet)
  37 black mambas
  12 guardian serpents
  8 cane toads
  The ghost of PaleRider the Cleaver, a novice HOMo (D:5)
  A smoke demon (Depths:1)
  A torpor snail (Lair:5)
  An orange demon (Depths:4)
  5 gargoyles
  Joseph (D:9)
  An unseen horror (shapeshifter) (Elf:1)
  A cane toad (shapeshifter) (Elf:3)
  5 freezing wraiths
  Psyche (D:9)
  An unseen horror (D:10)
  21 yaktaurs
  10 komodo dragons
  A tormentor (Depths:1)
  A guardian mummy (D:15)
  An efreet (D:15)
  2 rime drakes (Lair:3)
  4 tengu conjurers
  3 red devils
  A queen bee (D:12)
  5 ice devils
  2 trolls
  7 polar bears
  A tarantella (Vaults:4)
  14 merfolk
  3 hornets (Depths:4)
  2 trolls (shapeshifter)
  3 meliai (D:12)
  A merfolk (shapeshifter) (Vaults:5)
  7 wind drakes
  A snapping turtle (shapeshifter) (Zot:5)
  3 blink frogs (Lair:5)
  12 dream sheep
  6 snapping turtles
  5 flying skulls (Gauntlet)
  47 slime creatures
  2 slime creatures (shapeshifter)
  2 ynoxinuls
  A shadow (D:11)
  9 spriggans
  An air elemental (Elf:3)
  5 wyverns
  4 hogs
  A human (Lair:1)
  A vampire (D:11)
  13 water elementals
  5 fire elementals
  4 wraiths
  2 vampire mosquitoes (D:13)
  3 fire bats (Depths:2)
  50 yaks
  5 basilisks
  A redback (shapeshifter) (Elf:3)
  A neqoxec (Depths:4)
  5 steam dragons
  A golden eye (Zot:3)
  2 redbacks (Vaults:4)
  A chaos spawn (Depths:4)
  2 large abominations (Gauntlet)
  43 nagas
  3 hell hounds (Snake:2)
  3 swamp worms (Gauntlet)
  3 acid dragons
  12 water moccasins
  A floating eye (shapeshifter) (Zot:5)
  A floating eye (WizLab)
  4 sky beasts
  22 orc warriors
  A black bear (shapeshifter) (Elf:2)
  2 ice beasts
  5 black bears
  6 ogres
  2 great orb of eyes simulacra (IceCv)
  11 boggarts
  19 wolves
  14 centaurs
  A slime creature simulacrum (IceCv)
  A kobold brigand (D:11)
  6 bullfrogs
  4 glowing shapeshifter simulacra (IceCv)
  2 gnoll sergeants
  8 scorpions
  An earth elemental (Elf:3)
  6 small abominations (Gauntlet)
  9 wights
  29 killer bees
  4 howler monkeys
  6 electric eels
  The ghost of Xtruder99 the Insei, a weakling OpTm (D:3)
  A jelly (D:6)
  5 hounds
  15 orc priests
  Ijyb (D:3)
  5 iguanas
  Terence (D:3)
  3 shapeshifter simulacra (IceCv)
  2 sleepcaps
  6 hell rats (Lair:4)
  21 orc wizards
  Robin (D:2)
  4 gnolls (D:9)
  8 adders
  5 white imps
  An ufetubus (D:5)
  4 worms
  A worm (shapeshifter) (D:14)
  2 dart slugs
  65 orcs
  11 ball pythons
  7 endoplasms
  4 giant cockroaches
  15 goblins
  8 hobgoblins
  3 jackals (D:4)
  8 kobolds
  4 quokkas
  5 bats
  9 rats
  A bush (Lair:4)
  A butterfly (Lair:3)
  A fire vortex (Depths:2)
  2 spectral weapons (Vaults:1)
1977 creatures vanquished.

Vanquished Creatures (others)
  A guardian serpent (Snake:4)
  19 fungi
  128 plants
  66 spectral weapons
  2 starspawn tentacles (WizLab)
  2 withered plants (D:15)
218 creatures vanquished.

Grand Total: 2195 creatures vanquished

Notes
Turn   | Place    | Note
-------+----------+-------------------------------------------
     0 | D:1      | Anon1729 the Minotaur Monk began the quest for the Orb.
     0 | D:1      | Reached XP level 1. HP: 19/19 MP: 0/0
   128 | D:1      | Found a faded altar of an unknown god.
   160 | D:1      | Reached XP level 2. HP: 27/27 MP: 1/1
   225 | D:1      | Reached skill level 4 in Axes
   231 | D:1      | Reached skill level 1 in Armour
   977 | D:2      | Reached XP level 3. HP: 33/33 MP: 2/2
  1385 | D:2      | Noticed Robin
  1524 | D:2      | Reached XP level 4. HP: 29/40 MP: 3/3
  1530 | D:2      | Killed Robin
  1713 | D:2      | Identified the +11 scale mail of Unreason {Int+3}
  2232 | D:3      | Noticed Ijyb
  2238 | D:3      | Reached skill level 5 in Axes
  2249 | D:3      | Reached XP level 5. HP: 39/47 MP: 4/4
  2287 | D:3      | Killed Ijyb
  2364 | D:3      | Found Wirhywe's Book Emporium.
  2692 | D:3      | Noticed Terence
  2704 | D:3      | Killed Terence
  2810 | D:3      | Found a runed translucent door.
  2810 | D:3      | Noticed Xtruder99's ghost (weakling OpTm)
  3075 | D:4      | Noticed an ogre
  3084 | D:4      | Killed an ogre
  3085 | D:4      | Reached XP level 6. HP: 55/55 MP: 5/5
  3098 | D:4      | Reached skill level 6 in Axes
  3410 | D:4      | Found a snail-covered altar of Cheibriados.
  3411 | D:4      | Found a glowing golden altar of the Shining One.
  3419 | D:4      | Reached skill level 5 in Fighting
  3954 | D:5      | Entered Level 5 of the Dungeon
  4001 | D:5      | Found a hide-covered altar of Uskayaw.
  4064 | D:5      | Reached skill level 5 in Dodging
  4064 | D:5      | Reached XP level 7. HP: 58/61 MP: 6/6
  4088 | D:5      | Became a worshipper of Uskayaw the Reveller
  4088 | D:5      | Reached * piety under Uskayaw
  4091 | D:5      | Found an ornate altar of the Wu Jian Council.
  4117 | D:5      | Reached ** piety under Uskayaw
  4122 | D:5      | Reached skill level 7 in Axes
  4190 | D:5      | Reached *** piety under Uskayaw
  4195 | D:5      | Reached **** piety under Uskayaw
  4196 | D:5      | Reached ***** piety under Uskayaw
  4328 | D:5      | Reached skill level 8 in Axes
  4328 | D:5      | Reached XP level 8. HP: 32/70 MP: 7/7
  4576 | D:5      | Reached skill level 5 in Armour
  4991 | D:5      | Found a runed translucent gate.
  4992 | D:5      | Found a runed translucent gate.
  4992 | D:5      | Found a runed translucent gate.
  4993 | D:5      | Found an opulent altar of Gozag.
  4994 | D:5      | Noticed PaleRider's ghost (novice HOMo)
  5122 | D:5      | Reached skill level 9 in Axes
  5122 | D:5      | Reached skill level 1 in Invocations
  5265 | D:6      | Found a staircase to the Ecumenical Temple.
  5308 | Temple   | Entered the Ecumenical Temple
  5801 | D:6      | Identified the +3 dagger of Attainder {heavy, rElec Int+2}
  5858 | D:6      | Reached XP level 9. HP: 71/79 MP: 9/9
  6268 | D:7      | Found Gixysk's Assorted Antiques.
  6275 | D:7      | Bought a sparkling golden ring for 150 gold pieces
  6275 | D:7      | Identified the ring "Hanu" {rF+ rC+ Str+2 Int+6} (You
                  | bought it in a shop on level 7 of the Dungeon)
  6275 | D:7      | Bought a broad axe for 120 gold pieces
  6275 | D:7      | Bought 3 scrolls labelled FEWOUTIMED for 90 gold pieces
  6578 | D:7      | Reached skill level 10 in Axes
  7150 | D:8      | Reached ****** piety under Uskayaw
  7153 | D:8      | Reached XP level 10. HP: 74/88 MP: 12/12
  7206 | D:8      | Noticed Erica
  7223 | D:8      | Killed Erica
  7224 | D:8      | Reached skill level 11 in Axes
  7224 | D:8      | Reached skill level 5 in Invocations
  7473 | D:8      | Found a staircase to the Lair.
  7698 | D:9      | Found a staircase to the Orcish Mines.
  7711 | D:9      | Found a shadowy altar of Dithmenos.
  7712 | D:9      | Noticed an obsidian statue
  7823 | D:9      | Noticed Psyche
  7833 | D:9      | Killed Psyche
  7842 | D:9      | Found Vaxtiygg's General Store.
  8079 | D:9      | Bought 2 potions of resistance for 220 gold pieces
  8532 | D:9      | Found a shimmering altar of Xom.
  8536 | D:9      | Found a blossoming altar of Fedhas.
  9101 | D:9      | Noticed Joseph
  9123 | D:9      | Killed Joseph
  9578 | D:10     | Entered Level 10 of the Dungeon
  9587 | D:10     | Found a flagged portal.
  9713 | D:10     | Reached skill level 12 in Axes
  9727 | Bailey   | Entered a bailey
  9782 | Bailey   | Found a large runed translucent door.
  9782 | Bailey   | Found a large runed translucent door.
  9783 | Bailey   | Noticed a deep elf zephyrmancer
  9783 | Bailey   | Noticed an orc knight
  9803 | Bailey   | Killed an orc knight
  9804 | Bailey   | Reached XP level 11. HP: 26/97 MP: 15/15
 10104 | Bailey   | Killed a deep elf zephyrmancer
 10120 | Bailey   | Identified the +2 longbow of the Shallot {heavy, Drain Fly
                  | SInv}
 10123 | Bailey   | Got Kikubaaqudgha's Grimoire of Unholy Spells
 10311 | D:10     | Noticed a brown ugly thing
 10320 | D:10     | Killed a brown ugly thing
 10377 | D:10     | Found Queme's Book Shoppe.
 11182 | Lair:1   | Entered Level 1 of the Lair of Beasts
 12138 | Lair:1   | Reached skill level 13 in Axes
 12324 | Lair:1   | Found a runed translucent door.
 12335 | Lair:1   | Noticed a reaper
 12573 | Lair:2   | Found a frozen archway.
 12806 | IceCv    | Entered an ice cave
 12970 | IceCv    | Reached skill level 10 in Fighting
 13429 | IceCv    | Reached XP level 12. HP: 81/106 MP: 17/17
 13666 | IceCv    | Noticed a quicksilver ooze
 13676 | IceCv    | Killed a quicksilver ooze
 13894 | IceCv    | Reached skill level 14 in Axes
 13970 | IceCv    | Found a viscous altar of Jiyva.
 13970 | IceCv    | Noticed an azure jelly
 13983 | IceCv    | Killed an azure jelly
 14112 | IceCv    | Noticed a quicksilver ooze
 14119 | IceCv    | Killed a quicksilver ooze
 14120 | IceCv    | Reached skill level 10 in Armour
 14132 | IceCv    | Got the ring "Ysseme" {rC+ rN+ Int+4}
 14534 | Lair:2   | Identified the +3 robe of Creativity {+Inv Int+4}
 14733 | Lair:2   | Reached skill level 10 in Invocations
 14796 | Lair:2   | Found a staircase to the Snake Pit.
 15073 | Lair:3   | Reached skill level 10 in Dodging
 15221 | Lair:3   | Found a staircase to the Shoals.
 16238 | Lair:4   | Reached skill level 15 in Axes
 16251 | Lair:4   | Reached XP level 13. HP: 110/116 MP: 19/19
 16776 | Lair:4   | Identified the +1 long sword of Licruih {holy, Str+3 Int+3
                  | Dex-3}
 17898 | Lair:5   | Entered Level 5 of the Lair of Beasts
 18314 | Lair:5   | Reached skill level 16 in Axes
 18654 | Lair:5   | Found a staircase to the Slime Pits.
 18938 | Lair:5   | Reached XP level 14. HP: 118/126 MP: 22/22
 19033 | Lair:5   | Got the Precepts of Degeneration
 19041 | Lair:5   | Identified the +10 rapier of Symmetry {protect, rElec}
 19586 | D:3      | Bought a book of Blood for 336 gold pieces
 19589 | D:3      | Learned a level 2 spell: Wereblood
 19792 | Orc:1    | Entered Level 1 of the Orcish Mines
 19792 | Orc:1    | Found a radiant altar of Vehumet.
 20066 | Orc:2    | Entered Level 2 of the Orcish Mines
 20070 | Orc:2    | Found a transporter.
 20071 | Orc:2    | Noticed zurenarrh's ghost (journeyman FoEE)
 20085 | Orc:2    | Found a transporter.
 20379 | Orc:2    | Found a staircase to the Elven Halls.
 20448 | Orc:1    | Reached skill level 1 in Spellcasting
 20448 | Orc:1    | Reached skill level 1 in Transmutations
 20945 | Orc:2    | Found Vourymm's General Store.
 20975 | Orc:2    | HP: 3/127 [orc knight/+0 long sword (21)]
 21552 | Orc:2    | Reached skill level 1 in Evocations
 21552 | Orc:2    | Found Hyeb's General Store.
 21553 | Orc:2    | Found Gowker Debb's Antique Weapon Emporium.
 21553 | Orc:2    | Found Kikk's Distillery.
 21566 | Orc:2    | Bought a potion of curing for 45 gold pieces
 21566 | Orc:2    | Bought a scroll of silence for 142 gold pieces
 21566 | Orc:2    | Bought a scroll of magic mapping for 112 gold pieces
 21566 | Orc:2    | Bought a potion of flight for 45 gold pieces
 21569 | Orc:2    | Bought a potion of degeneration for 14 gold pieces
 21569 | Orc:2    | Bought 2 potions of heal wounds for 140 gold pieces
 21569 | Orc:2    | Bought a potion of heal wounds for 70 gold pieces
 21569 | Orc:2    | Bought a potion of cancellation for 112 gold pieces
 21569 | Orc:2    | Bought a potion of attraction for 42 gold pieces
 21618 | Orc:2    | Bought a scroll of identify for 24 gold pieces
 21618 | Orc:2    | Bought a scroll of identify for 24 gold pieces
 22205 | D:11     | Noticed Snorg
 22215 | D:11     | Killed Snorg
 22512 | D:12     | Found Hysoufos's Distillery.
 22612 | D:12     | Bought a potion of curing for 39 gold pieces
 22612 | D:12     | Bought a potion of curing for 39 gold pieces
 22612 | D:12     | Bought a potion of curing for 39 gold pieces
 22612 | D:12     | Bought a potion of heal wounds for 65 gold pieces
 22726 | D:12     | Reached skill level 17 in Axes
 23155 | D:12     | Noticed Nessos
 23166 | D:12     | Killed Nessos
 23174 | D:12     | Noticed Fannar
 23189 | D:12     | Killed Fannar
 23571 | D:13     | Noticed Rupert
 23577 | D:13     | Paralysed by Rupert for 5 turns
 23685 | D:13     | Found a gate leading to a gauntlet.
 23696 | Gauntlet | Entered a Gauntlet
 23696 | Gauntlet | Found a transporter.
 23696 | Gauntlet | Found a runed translucent door.
 23844 | Gauntlet | Found a runed translucent door.
 23848 | Gauntlet | Found a transporter.
 23852 | Gauntlet | Found a transporter.
 23861 | Gauntlet | Found a transporter.
 23864 | Gauntlet | Found a transporter.
 23872 | Gauntlet | Found a transporter.
 23876 | Gauntlet | Found a transporter.
 23884 | Gauntlet | Found a transporter.
 23888 | Gauntlet | Found a transporter.
 23896 | Gauntlet | Found a transporter.
 23917 | Gauntlet | Found a transporter.
 23929 | Gauntlet | Found a transporter.
 23942 | Gauntlet | Found a transporter.
 23955 | Gauntlet | Found a transporter.
 24084 | Gauntlet | Identified the ring of Avamy {Str+4 Int+6}
 24520 | Gauntlet | Identified the staff of conjuration "Fages" {Str-3 Dex+8}
 24798 | D:13     | Reached XP level 15. HP: 133/134 MP: 23/23
 25019 | D:13     | Killed Rupert
 26421 | D:14     | Reached skill level 5 in Spellcasting
 26835 | D:14     | Identified a scroll of acquirement
 26836 | D:14     | Acquired a manual of Armour
 26945 | D:15     | Entered Level 15 of the Dungeon
 26945 | D:15     | Noticed Kirke
 27147 | D:14     | Killed Kirke
 27258 | D:15     | Noticed Domino's ghost (journeyman MiBe)
 27259 | D:15     | Noticed a lich
 27716 | D:15     | Found a staircase to the Depths.
 28240 | D:15     | Found a runed translucent door.
 28248 | D:15     | Found a runed translucent door.
 28279 | D:15     | Reached skill level 5 in Transmutations
 28761 | D:5      | Killed PaleRider's ghost
 29299 | D:3      | Killed Xtruder99's ghost
 29513 | Lair:1   | Identified the staff of conjuration "Voharph" {Str+5 Dex+2}
 29686 | Shoals:1 | Entered Level 1 of the Shoals
 30231 | Shoals:1 | Reached skill level 18 in Axes
 31035 | Shoals:2 | Reached XP level 16. HP: 117/144 MP: 25/25
 31633 | Shoals:3 | Found Vyuxtowk's Jewellery Emporium.
 31828 | Shoals:3 | Noticed Ilsuiw
 31842 | Shoals:3 | Killed Ilsuiw
 32279 | Shoals:3 | Identified the +0 short sword "Arbiter" {heavy, *Corrode
                  | rElec Will++ Int+2}
 33143 | Shoals:4 | Entered Level 4 of the Shoals
 33241 | Shoals:4 | Identified the staff of air "Wukaif" {rElec rC- Int+3
                  | Stlth+}
 33300 | Shoals:4 | Got a barnacled rune of Zot
 33907 | Shoals:4 | Reached skill level 15 in Armour
 33957 | Shoals:4 | Found Woekaoqe's Book Shop.
 34444 | Shoals:4 | Found Wasahets's Mayhem Merchandise.
 34504 | Shoals:4 | Reached XP level 17. HP: 130/151 MP: 28/28
 34668 | Shoals:3 | Bought the amulet of the Air {Inacc Air Fly rElec RMsl} for
                  | 601 gold pieces
 34668 | Shoals:3 | Found the amulet of the Air {Inacc Air Fly rElec RMsl}
 34947 | Elf:1    | Entered Level 1 of the Elven Halls
 35090 | Elf:1    | Reached skill level 5 in Evocations
 35239 | Elf:1    | Reached skill level 19 in Axes
 36327 | Elf:2    | Found a runed translucent door.
 36517 | Elf:2    | Found Tawaly's Jewellery Shoppe.
 36653 | Elf:2    | Found a runed translucent gate.
 36707 | Elf:2    | Found a runed translucent gate.
 36707 | Elf:2    | Found a runed translucent gate.
 36712 | Elf:2    | Noticed Xarreyl's ghost (adept TeCA)
 36802 | Elf:2    | Found a runed translucent door.
 36958 | Elf:2    | Killed Xarreyl's ghost
 36959 | Elf:2    | Reached skill level 15 in Invocations
 37077 | Elf:2    | Noticed a deep elf blademaster
 37680 | Elf:2    | Killed a deep elf blademaster
 37919 | Elf:1    | Found a shimmering blue altar of Sif Muna.
 38040 | Elf:3    | Entered Level 3 of the Elven Halls
 38744 | Elf:3    | Reached XP level 18. HP: 151/161 MP: 30/30
 39178 | Elf:3    | Identified the ring "Hemulodd" {EV+5 Str-5 Dex+7}
 39505 | Elf:3    | Reached skill level 20 in Axes
 39587 | Elf:3    | Noticed a Tzitzimitl
 40360 | Elf:3    | Identified the +8 battleaxe "Latew" {heavy, +Blink rF+
                  | Dex-2}
 40376 | Elf:3    | Noticed a Tzitzimitl
 40382 | Elf:3    | Noticed a Tzitzimitl
 40728 | Elf:3    | Got the Papyrus of the Pyre
 40730 | Elf:3    | Identified the +2 plate armour of Midnight {rElec rC+
                  | Will+}
 40992 | Elf:3    | Got Vulion's Atlas of the Hornet and the Wind
 41069 | Elf:3    | Identified the staff of conjuration "Kiotet" {rElec rF++
                  | Will- Int+3}
 41467 | Shoals:3 | Bought the ring "Riumeo" {rPois rF+} for 544 gold pieces
 41582 | Snake:1  | Entered Level 1 of the Snake Pit
 41669 | Snake:1  | Found Guod's Jewellery Shoppe.
 41675 | Snake:1  | Found Doveneuf's Weapon Shoppe.
 41675 | Snake:1  | Found Raqiyl's Armour Emporium.
 41680 | Snake:1  | Found Omoev's Distillery.
 41686 | Snake:1  | Bought a potion of curing for 45 gold pieces
 41686 | Snake:1  | Bought a potion of cancellation for 120 gold pieces
 41686 | Snake:1  | Bought a potion of lignification for 45 gold pieces
 41686 | Snake:1  | Bought 2 potions of attraction for 90 gold pieces
 41686 | Snake:1  | Bought a potion of resistance for 150 gold pieces
 41686 | Snake:1  | Bought a potion of flight for 45 gold pieces
 41686 | Snake:1  | Bought a potion of mutation for 120 gold pieces
 41686 | Snake:1  | Bought a potion of heal wounds for 75 gold pieces
 42053 | Snake:1  | Reached skill level 15 in Fighting
 42219 | Snake:1  | Noticed Donald
 42233 | Snake:1  | Killed Donald
 42896 | Snake:2  | Noticed Azrael
 42901 | Snake:2  | Killed Azrael
 43961 | Snake:3  | Reached XP level 19. HP: 159/170 MP: 31/31
 44036 | Snake:3  | Found a broken altar of Ashenzari.
 44065 | Snake:3  | Noticed Vashnia
 44083 | Snake:3  | Killed Vashnia
 44529 | Snake:4  | Entered Level 4 of the Snake Pit
 44591 | Snake:4  | Noticed Aizul
 44595 | Snake:4  | Reached skill level 21 in Axes
 44600 | Snake:4  | Killed Aizul
 46136 | Snake:4  | Got a serpentine rune of Zot
 46651 | D:14     | Found a gate to the Vaults.
 46782 | Vaults:1 | Entered Level 1 of the Vaults
 46855 | Vaults:1 | Found Uptuf's General Store.
 46863 | Vaults:1 | Bought 3 scrolls of enchant armour for 315 gold pieces
 46946 | Vaults:1 | Noticed Asterion
 46956 | Vaults:1 | Killed Asterion
 46975 | Vaults:1 | Found a magical portal.
 47079 | Vaults:1 | Learned a level 1 spell: Apportation
 47082 | WizLab   | Entered Alistair's Party Mansion
 47361 | WizLab   | Reached XP level 20. HP: 173/180 MP: 32/32
 47466 | WizLab   | Reached skill level 1 in Earth Magic
 47522 | WizLab   | Acquired 1020 gold pieces
 48418 | Vaults:1 | Found a huge runed gate.
 48418 | Vaults:1 | Found a huge runed gate.
 48419 | Vaults:1 | Found a huge runed gate.
 48419 | Vaults:1 | Found a huge runed gate.
 48422 | Vaults:1 | Found a huge runed gate.
 48422 | Vaults:1 | Found a huge runed gate.
 48424 | Vaults:1 | Found a huge runed gate.
 48424 | Vaults:1 | Found a huge runed gate.
 48424 | Vaults:1 | Found a huge runed gate.
 48424 | Vaults:1 | Found a huge runed gate.
 48424 | Vaults:1 | Found a huge runed gate.
 48425 | Vaults:1 | Found a huge runed gate.
 48426 | Vaults:1 | Found a huge runed gate.
 48426 | Vaults:1 | Found a huge runed gate.
 48427 | Vaults:1 | Found a huge runed gate.
 48428 | Vaults:1 | Found a huge runed gate.
 48429 | Vaults:1 | Found a huge runed gate.
 48490 | Vaults:1 | Found a huge runed gate.
 48490 | Vaults:1 | Found a huge runed gate.
 48490 | Vaults:1 | Found a huge runed gate.
 48490 | Vaults:1 | Found a huge runed gate.
 48490 | Vaults:1 | Found a huge runed gate.
 48490 | Vaults:1 | Found a huge runed gate.
 48491 | Vaults:1 | Found a huge runed gate.
 48492 | Vaults:1 | Found a huge runed gate.
 48493 | Vaults:1 | Found a huge runed gate.
 48501 | Vaults:1 | Found a huge runed gate.
 48501 | Vaults:1 | Found a huge runed gate.
 48501 | Vaults:1 | Found a huge runed gate.
 48501 | Vaults:1 | Found a huge runed gate.
 48501 | Vaults:1 | Found a huge runed gate.
 48501 | Vaults:1 | Found a huge runed gate.
 48502 | Vaults:1 | Found a huge runed gate.
 48503 | Vaults:1 | Found a huge runed gate.
 48504 | Vaults:1 | Found a huge runed gate.
 48555 | Vaults:1 | Reached skill level 15 in Dodging
 48823 | Vaults:1 | Reached skill level 22 in Axes
 48907 | Vaults:1 | Found a huge runed gate.
 49058 | Vaults:1 | Bought a scroll of immolation for 56 gold pieces
 49058 | Vaults:1 | Bought a potion of heal wounds for 70 gold pieces
 50525 | Vaults:2 | Found a runed translucent door.
 50529 | Vaults:2 | Noticed Uhurudgh's ghost (veteran DgEE)
 50584 | Vaults:2 | Found Qieq's Armour Shop.
 50870 | Vaults:2 | Noticed Nikola
 50882 | Vaults:2 | Killed Nikola
 51170 | Vaults:2 | Found a staircase to the Crypt.
 51170 | Vaults:2 | Found a basalt altar of Yredelemnul.
 51171 | Vaults:2 | Found an ancient bone altar of Kikubaaqudgha.
 51366 | Vaults:2 | You are sucked into a shaft and drop 1 floor!
 51375 | Vaults:3 | Reached XP level 21. HP: 189/189 MP: 33/33
 51417 | Vaults:3 | Noticed Mara
 51418 | Vaults:3 | Noticed Anon1729's illusion
 51443 | Vaults:3 | Killed Mara
 51603 | Vaults:3 | Identified the +1 arbalest of Gehuasta {speed, rN+ Int+2
                  | Dex-4}
 53213 | Vaults:2 | Killed Uhurudgh's ghost
 53222 | Vaults:2 | Got Xaereko's Incunabulum of Orogeny
 53623 | Vaults:1 | Identified the +3 scale mail of Negation {rF+ rC+ rN+
                  | Will+}
 53904 | Vaults:4 | Reached skill level 23 in Axes
 54811 | Vaults:5 | Entered Level 5 of the Vaults
 55360 | Depths:1 | Entered Level 1 of the Depths
 55663 | Depths:1 | Found a corrupted altar of Lugonu.
 55663 | Depths:1 | Found a one-way gate to the infinite horrors of the Abyss.
 55801 | Depths:1 | Found a one-way gate leading to the halls of Pandemonium.
 55834 | Depths:1 | Found a gateway to Hell.
 56145 | Depths:1 | Found a shadowy altar of Dithmenos.
 56290 | Depths:2 | Found a one-way gateway to a ziggurat.
 56614 | Depths:2 | Reached XP level 22. HP: 193/200 MP: 34/34
 56620 | Depths:2 | Reached skill level 10 in Evocations
 56708 | Depths:2 | Noticed Bai Suzhen
 56718 | Depths:2 | Killed Bai Suzhen
 56913 | Depths:2 | Reached skill level 5 in Earth Magic
 57099 | Depths:2 | Found a sacrificial altar of Ru.
 57236 | Depths:2 | Found the +7 lajatang of Order {silver, rMut}
 58377 | Depths:3 | Found a broken altar of Ashenzari.
 58461 | Depths:3 | Paralysed by a sphinx for 4 turns
 59113 | Depths:4 | Entered Level 4 of the Depths
 59902 | Depths:4 | Noticed Jory
 59916 | Depths:4 | Killed Jory
 60005 | Depths:4 | Reached skill level 24 in Axes
 60402 | Depths:4 | Noticed a golden dragon
 60403 | Depths:4 | Noticed a golden dragon
 60417 | Depths:4 | Killed a golden dragon
 60420 | Depths:4 | Killed a golden dragon
 60588 | Depths:4 | Found a gate to the Realm of Zot.
 60716 | Depths:4 | Found Yngyuv's Jewellery Boutique.
 60716 | Depths:4 | Found Enuhieg's Book Emporium.
 60717 | Depths:4 | Found Lucoam's Book Emporium.
 61238 | D:10     | Bought a book of Geomancy for 252 gold pieces
 61241 | D:10     | Learned a level 2 spell: Passwall
 61783 | Vaults:5 | Reached XP level 23. HP: 204/209 MP: 35/35
 61818 | Vaults:5 | Noticed an ancient lich
 61988 | Vaults:5 | Killed an ancient lich
 62418 | Vaults:5 | Noticed Margery
 62747 | Vaults:5 | Killed Margery
 63699 | Vaults:5 | Noticed an ancient lich
 63707 | Vaults:5 | Killed an ancient lich
 64292 | Vaults:5 | Identified the +0 great sword "Roef" {flame, rPois}
 64450 | Vaults:5 | Got a silver rune of Zot
 64576 | Vaults:5 | Identified the +9 hand axe of Purpose {heavy, rElec}
 64652 | Vaults:5 | Found the +6 Majin-Bo {spellvamp, MP+6 Int+6}
 64664 | Vaults:5 | Identified the ring of Psychosis {Ice rN+ Int+2 Dex+2
                  | Slay+3}
 64682 | Vaults:5 | Got the Spellbook of Vexatious Assembling
 65362 | Zot:1    | Entered Level 1 of the Realm of Zot
 65794 | Zot:1    | Noticed an orb of fire
 65797 | Zot:1    | Gained mutation: You occasionally lose the ability to drink
                  | potions when taking damage. [an orb of fire]
 65806 | Zot:1    | Killed an orb of fire
 65860 | Zot:1    | Lost mutation: You occasionally lose the ability to drink
                  | potions when taking damage. [potion of mutation]
 65860 | Zot:1    | Gained mutation: You are frail. (-10% HP) [potion of
                  | mutation]
 65860 | Zot:1    | Gained mutation: You expend magic power (3 MP) to
                  | strengthen your wands. [potion of mutation]
 65977 | Zot:1    | Lost mutation: You expend magic power (3 MP) to strengthen
                  | your wands. [potion of mutation]
 65977 | Zot:1    | Lost mutation: You are frail. (-10% HP) [potion of
                  | mutation]
 65977 | Zot:1    | Gained mutation: Your spells are a little harder to cast,
                  | but a little more powerful. [potion of mutation]
 65977 | Zot:1    | Gained mutation: You have hidden genetic defects. [potion
                  | of mutation]
 65977 | Zot:1    | Lost mutation: Your spells are a little harder to cast, but
                  | a little more powerful. [potion of mutation]
 65977 | Zot:1    | Gained mutation: You have large cloven feet. [potion of
                  | mutation]
 66035 | Zot:1    | Lost mutation: You have hidden genetic defects. [potion of
                  | mutation]
 66035 | Zot:1    | Lost mutation: You have large cloven feet. [potion of
                  | mutation]
 66035 | Zot:1    | Gained mutation: You are covered in fur. (AC +1) [potion of
                  | mutation]
 66035 | Zot:1    | Gained mutation: You have a pair of large horns on your
                  | head. [potion of mutation]
 66035 | Zot:1    | Gained mutation: You are partially covered in iridescent
                  | scales. (AC +2) [potion of mutation]
 66035 | Zot:1    | Gained mutation: You are resistant to electric shocks.
                  | (rElec) [potion of mutation]
 66480 | Zot:1    | Reached XP level 24. HP: 211/218 MP: 36/36
 66703 | Zot:1    | Reached skill level 25 in Axes
 67899 | Zot:2    | Got the Book of Vexatious Wicked Magic
 67960 | Zot:2    | Noticed an orb of fire
 67966 | Zot:2    | Gained mutation: You sometimes lose your temper in combat.
                  | [an orb of fire]
 67973 | Zot:2    | Killed an orb of fire
 68256 | Zot:2    | Lost mutation: You are resistant to electric shocks.
                  | (rElec) [potion of mutation]
 68256 | Zot:2    | Lost mutation: You sometimes lose your temper in combat.
                  | [potion of mutation]
 68256 | Zot:2    | Lost mutation: You have a pair of large horns on your head.
                  | [potion of mutation]
 68256 | Zot:2    | Gained mutation: Your body sometimes deteriorates upon
                  | taking damage. [potion of mutation]
 68256 | Zot:2    | Gained mutation: Your spells are a little harder to cast,
                  | but a little more powerful. [potion of mutation]
 69815 | Zot:5    | Entered Level 5 of the Realm of Zot
 70022 | Zot:5    | Found a huge runed gate.
 70022 | Zot:5    | Found a huge runed gate.
 70022 | Zot:5    | Found a huge runed gate.
 70022 | Zot:5    | Found a huge runed gate.
 70025 | Zot:5    | Found a huge runed gate.
 70026 | Zot:5    | Found a huge runed gate.
 70414 | Zot:5    | Found a huge runed gate.
 70414 | Zot:5    | Found a huge runed gate.
 70415 | Zot:5    | Found a huge runed gate.
 70415 | Zot:5    | Found a huge runed gate.
 70415 | Zot:5    | Found a huge runed gate.
 70416 | Zot:5    | Found a huge runed gate.
 70416 | Zot:5    | Found a huge runed gate.
 70417 | Zot:5    | Found a huge runed gate.
 70418 | Zot:5    | Found a huge runed gate.
 70430 | Zot:5    | Found a huge runed gate.
 70430 | Zot:5    | Found a huge runed gate.
 70430 | Zot:5    | Found a huge runed gate.
 70430 | Zot:5    | Found a huge runed gate.
 70430 | Zot:5    | Found a huge runed gate.
 70430 | Zot:5    | Found a huge runed gate.
 70431 | Zot:5    | Found a huge runed gate.
 70432 | Zot:5    | Found a huge runed gate.
 70433 | Zot:5    | Found a huge runed gate.
 70441 | Zot:5    | Found a huge runed gate.
 70441 | Zot:5    | Found a huge runed gate.
 70441 | Zot:5    | Found a huge runed gate.
 70441 | Zot:5    | Found a huge runed gate.
 70441 | Zot:5    | Found a huge runed gate.
 70441 | Zot:5    | Found a huge runed gate.
 70442 | Zot:5    | Found a huge runed gate.
 70443 | Zot:5    | Found a huge runed gate.
 70444 | Zot:5    | Found a huge runed gate.
 70453 | Zot:5    | Found a huge runed gate.
 70453 | Zot:5    | Found a huge runed gate.
 70453 | Zot:5    | Found a huge runed gate.
 70905 | Zot:5    | Noticed a Killer Klown
 70906 | Zot:5    | Noticed a Killer Klown
 70907 | Zot:5    | Noticed a Killer Klown
 71172 | Zot:5    | Killed a Killer Klown
 71177 | Zot:5    | Killed a Killer Klown
 71183 | Zot:5    | Killed a Killer Klown
 71521 | Zot:5    | Noticed an orb of fire
 71527 | Zot:5    | Noticed an orb of fire
 71533 | Zot:5    | Gained mutation: Armour fits poorly on your strangely
                  | shaped body. [an orb of fire]
 71536 | Zot:5    | Killed an orb of fire
 71538 | Zot:5    | Noticed a Killer Klown
 71540 | Zot:5    | Killed an orb of fire
 71552 | Zot:5    | Killed a Killer Klown
 71580 | Zot:5    | Noticed a dread lich
 71585 | Zot:5    | Killed a dread lich
 71750 | Zot:5    | Noticed an ancient lich
 71765 | Zot:5    | Noticed a dread lich
 71772 | Zot:5    | Noticed an orb of fire
 71774 | Zot:5    | Killed an ancient lich
 71775 | Zot:5    | Reached XP level 25. HP: 147/227 MP: 36/36
 71781 | Zot:5    | Killed a dread lich
 71790 | Zot:5    | Killed an orb of fire
 71963 | Zot:5    | Noticed an ancient lich
 72004 | Zot:5    | Killed an ancient lich
 72225 | Zot:5    | Noticed a dread lich
 72230 | Zot:5    | Noticed an ancient lich
 72237 | Zot:5    | Killed a dread lich
 72240 | Zot:5    | Killed an ancient lich
 72247 | Zot:5    | Noticed a Killer Klown
 72249 | Zot:5    | Noticed a Killer Klown
 72255 | Zot:5    | Killed a Killer Klown
 72265 | Zot:5    | Killed a Killer Klown
 72460 | Zot:5    | Reached skill level 26 in Axes
 72664 | Zot:5    | Noticed an ancient lich
 72679 | Zot:5    | Killed an ancient lich
 72706 | Zot:5    | Identified the +0 chain mail "Searghyunk" {Harm rF- rC+
                  | Dex+7}
 72733 | Zot:5    | Noticed a dread lich
 72734 | Zot:5    | Lost mutation: Armour fits poorly on your strangely shaped
                  | body. [potion of mutation]
 72734 | Zot:5    | Lost mutation: You are partially covered in iridescent
                  | scales. (AC +2) [potion of mutation]
 72734 | Zot:5    | Gained mutation: Your mind is acute. (Int +4, Str/Dex -1)
                  | [potion of mutation]
 72734 | Zot:5    | Lost mutation: Your body sometimes deteriorates upon taking
                  | damage. [potion of mutation]
 72734 | Zot:5    | Gained mutation: Your flesh is heat resistant. (rF+)
                  | [potion of mutation]
 72829 | Zot:5    | Got the Orb of Zot
 73737 | D:5      | Noticed Yzxo Dea the pandemonium lord
 73864 | D:$      | Escaped with the Orb!

Illustrated notes

Levels and vault maps discovered:
D:1:      lightli_arrival_noodles, layout_basic,
          ebering_ecumenical_altar_abandoned, chequers_serial_rivers_micro_c,
          minmay_tromino_mix6
D:2:      layout_loops_ring, serial_glass, glass_columns_a, glass_columns_a,
          glass_columns_b, uniq_robin
D:3:      layout_loops_cross, serial_shops, nicolae_shop_stone,
          gammafunk_ghost_grave, minmay_misc_feat_cross, minmay_misc_feat_roman,
          uniq_ijyb, uniq_terence
D:4:      layout_loops_ring, nicolae_overflow_squiral
D:5:      minmay_recursive_quarters, layout_loops_corners,
          mainiacjoe_overflow_large_starburst, ebering_ghost_gozag,
          minmay_manual_moon
D:6:      layout_loops_ring, minmay_temple_entry_overgrown,
          minmay_misc_feat_tower
D:7:      layout_gridville, serial_shops, nicolae_shop_hallway_plus
D:8:      layout_rooms, david_lair_shrubbed, uniq_erica
D:9:      layout_loops_ring, minitemple, amcnicky_altar_gilded, orc_0_dummy,
          serial_shops, nicolae_lakefront_shop, minivault_16,
          serial_bayou_lagoon_b, uniq_joseph, uniq_psyche
D:10:     layout_gridville, enter_bailey_4, serial_shops,
          nicolae_shop_behind_doors
D:11:     layout_roguey, chequers_serial_rivers_small_b, lemuel_nasty_fountain,
          uniq_snorg
D:12:     layout_cave_pools, special_room [special_room_bee], serial_shops,
          shop, uniq_nessos, uniq_fannar
D:13:     layout_cave_pods, gauntlet_entry_generic, dreamdust_princess_bridge,
          uniq_rupert
D:14:     layout_basic, grunt_vaults_entry_fortified, solitary_fountain,
          minmay_joined_circles
D:15:     gammafunk_depths_entry_grave, layout_basic,
          muffindrake_ghost_dual_entry, uniq_kirke
Temple:   nicolae_temple_bog_church
Lair:1:   layout_cave_pods, pdpol_lair_cabin_in_the_woods, grunt_megastairs_3,
          infiniplex_staircase_pool_2
Lair:2:   layout_gridlike, minmay_snake_entry_guardpost_large,
          portal_ice_cave_demonic_guard, grunt_megastairs_5
Lair:3:   layout_cave_pods, minmay_shoals_entry_beasts,
          small_statue_intersection, serial_bayou_lagoon_a,
          cheibrodos_lair_lostbears, grunt_megastairs_2, lemuel_fruit_fields
Lair:4:   layout_roguey, wad_woods_01, grunt_megastairs_1, lemuel_fruit_fields
Lair:5:   gammafunk_lair_ancient_temple, layout_loops_ring,
          dpeg_slime_entry_corner, st_stairs_9
Shoals:1: layout_shoals
Shoals:2: layout_shoals, nzn_prometheus_bound
Shoals:3: layout_shoals, nicolae_stop_n_shop_2, uniq_ilsuiw
Shoals:4: shoals_end_hangedman, layout_shoals, shoals_ilsuiw_ice, serial_shops,
          shop, minmay_shop_mayhem
Snake:1:  layout_layer_cave, minmay_shoptagon, uniq_donald
Snake:2:  layout_rooms, grunt_ministairs_1, uniq_azrael
Snake:3:  layout_onion_interference, basic_altar, lemuel_fruit_tree,
          uniq_vashnia
Snake:4:  snake_hunt, layout_cave_town, st_stairs_10,
          nrook_guardian_serpent_double, uniq_aizul
Orc:1:    layout_diamond_mine, basic_altar
Orc:2:    st_orc_elflike, layout_diamond_mine, gammafunk_ghost_stat_death
Elf:1:    layout_loops_corners, hangedman_elf_disciples, lemuel_upstairs_altar
Elf:2:    elven_hall_of_blades_hangedman_original
          [nicolae_blade_entry_splitting_headache], layout_gridlike,
          serial_shops, nicolae_shop_just_a_little_nook,
          ebering_ghost_rock_garden
Elf:3:    minmay_elf_hall_hex, layout_loops_cross, palyth_stone_intersect
Vaults:1: mu_enter_wizlab_5, nicolae_vaults_little_squares_2, vaults_room_pools,
          nicolae_vaults_gold_heap, door_vault, hangedman_vaults_snaps,
          nicolae_vaults_little_squares_6, nicolae_vaults_shelves_hall,
          ontoclasm_vaults_ring_small, v_misc_19, vaults_mumra_hexcomb,
          vaults_room_corners, vaults_mumra_minichess_inversion,
          ontoclasm_vaults_loading_screen, vaults_room_fours,
          nicolae_vaults_little_squares_1, layout_vaults_ring, serial_shops,
          nicolae_shop_crystal, uniq_asterion
Vaults:2: hellmonk_ghost_big_iron, minmay_crypt_entry_necro_gods,
          grunt_vaults_hallway_long, hangedman_vaults_slither, v_misc_16,
          vaults_mumra_minichess, v_misc_27, hangedman_vaults_maws,
          hangedman_vaults_river_flow, hangedman_vaults_impose, v_rooms_5,
          nicolae_vaults_ring_of_whatevers, nicolae_vaults_circle_grid_b,
          v_alt_pattern_1, ontoclasm_vaults_misaligned, layout_vaults_omnibox,
          serial_shops, nicolae_shop_tiny_glass, uniq_nikola
Vaults:3: ontoclasm_vaults_pinch, v_alt_pattern_4, v_pattern_4,
          nicolae_vaults_ninety_degrees, v_misc_23, ontoclasm_vaults_ring_large,
          nicolae_vaults_little_squares_6, hangedman_vaults_slice,
          vaults_room_pools, nicolae_vaults_yaktaur_gun_rack,
          layout_vaults_omnicross, uniq_mara
Vaults:4: vaults_standard_mumra_enter_the_diamond, v_misc_14, vaults_room_grid,
          v_pattern_5, vaults_dpeg_diagonal, v_alt_pattern_6,
          grunt_vaults_diagonal, nicolae_vaults_angled_halls,
          vaults_room_hallway, nicolae_vaults_little_squares_1,
          layout_vaults_big_room
Vaults:5: serial_shops, uniq_margery
Depths:1: layout_gridville, hangedman_coc_ice_floe,
          nicolae_dithmenos_the_darkroom, rand_demon_pan_entry_4,
          abyss_entry_flame_altar, dreamdust_looks_like_rain
Depths:2: minmay_tri_box, layout_basic, enter_ziggurat_e,
          grunt_pan_entry_in_and_out, hell_entry,
          nicolae_ru_the_path_less_chosen, uniq_bai_suzhen
Depths:3: kennysheep_blocky_room, layout_cave_shapes, abyss_entry, hell_entry,
          nicolae_ashenzari_skybound, serial_rivers,
          chequers_serial_rivers_small_a, chequers_serial_rivers_large_a,
          chequers_serial_rivers_room_a, chequers_serial_rivers_room_a
Depths:4: grunt_zot_entry_alcove, layout_honeycomb, hell_entry,
          grunt_pan_entry_zigzag, chequers_serial_rivers_room_b,
          grunt_ministairs_6, minmay_shop_grove, serial_bayou_shore_a, uniq_jory
Zot:1:    layout_basic
Zot:2:    layout_concentric_octagons, skrybe_zot_glass_1
Zot:3:    layout_basic, grunt_ministairs_3, st_stairs_8
Zot:4:    layout_cathedral_of_symmetry
Zot:5:    layout_cellular_growth, not_door_vault_due

Skill      XL: |  1  2  3  4  5  6  7  8  9 10 11 12 13 14 15 16 17 18 19 20 21 22 23 24 25 |
---------------+----------------------------------------------------------------------------+-----
Axes           | 4 5 6 8 9 10 12 13 15 16 17 18 19 20 21 22 23 24 25 26 | 26.1
Armour         | 1 2 3 4 5 7 8 9 10 11 12 13 15 17 19 20 21 22 23 24 25 | 25.5
Fighting       | 4 5 6 7 8 9 10 11 12 13 14 15 16 17 18 19 | 19.5
Dodging        | 4 5 6 7 8 9 10 11 12 13 14 15 16 17 | 17.9
Invocations    | 2 4 7 8 10 12 13 14 15 16 17 18 19 20 21 | 21.6
Spellcasting   | 4 6 8 9 |  9.0
Transmutations | 3 5 6 |  6.7
Evocations     | 2 3 4 6 7 8 9 11 12 13 14 | 14.2
Earth Magic    | 3 4 5 6 7 8 |  8.4

Action                     |  1- 3 |  4- 6 |  7- 9 | 10-12 | 13-15 | 16-18 | 19-21 | 22-24 | 25-27 || total
---------------------------+-------+-------+-------+-------+-------+-------+-------+-------+-------++-------
  Melee: Hand axe          |    81 |   142 |    88 |       |       |       |       |       |       ||   311
         Headbutt          |    17 |    33 |    62 |   153 |   315 |   207 |   324 |   431 |    63 ||  1605
         War axe           |       |       |    73 |       |       |       |       |       |       ||    73
         Broad axe         |       |       |    38 |   487 |  1011 |   763 |   967 |  1115 |   185 ||  4566
         Unarmed           |       |       |       |    18 |    13 |       |       |     5 |       ||    36
   Cast: Wereblood         |       |       |       |       |     1 |     5 |    11 |     1 |     1 ||    19
         Apportation       |       |       |       |       |       |       |    25 |       |       ||    25
         Passwall          |       |       |       |       |       |       |       |       |     4 ||     4
 Invoke: Line Pass         |       |       |       |     1 |     1 |     1 |       |       |     1 ||     4
         Stomp             |       |       |       |     1 |       |       |       |       |       ||     1
         Grand Finale      |       |       |       |       |     1 |     1 |     1 |     1 |       ||     4
  Evoke: Wand              |       |       |       |     7 |     6 |       |     1 |       |       ||    14
         Condenser vane    |       |       |       |       |     2 |     1 |     1 |     2 |       ||     6
         Phial of floods   |       |       |       |       |     1 |       |     1 |       |       ||     2
    Use: Scroll            |       |       |     6 |     3 |    15 |    11 |     6 |     4 |     4 ||    49
         Potion            |       |       |       |     1 |     1 |     5 |     5 |    18 |     3 ||    33
   Stab: Paralysed         |       |       |    22 |    84 |   165 |    87 |   138 |   132 |    14 ||   642
         Distracted        |       |       |       |       |     1 |    17 |    25 |    32 |     3 ||    78
         Confused          |       |       |       |       |       |       |     1 |       |       ||     1
 Armour: Robe              |     9 |       |       |       |       |       |       |       |       ||     9
         Scale mail        |    11 |    80 |   103 |   235 |   443 |   291 |   344 |   455 |    91 ||  2053
         Skin              |       |       |       |     7 |       |       |       |       |       ||     7
  Dodge: Dodged            |    54 |    87 |   115 |   326 |   629 |   485 |   506 |   716 |   109 ||  3027
         Repelled          |       |       |       |       |       |    27 |    28 |    20 |     8 ||    83

Table legend: (Time is in decaauts)
 A = Elapsed time spent in this place.
 B = Non-inter-level travel time spent in this place.
 C = Inter-level travel time spent in this place.
 D = Time resting spent in this place.
 E = Time spent auto-exploring this place.
 F = Levels seen in this place.
 G = Mean time per level.
                   A        B        C        D        E       F      G
               +--------+--------+--------+--------+--------+-----+--------+
         Total |  73167 |  66921 |   6246 |  11921 |  44345 |  52 | 1407.1 |
       Dungeon |  19047 |  16095 |   2952 |   1815 |  11851 |  15 | 1269.8 |
        Temple |    103 |     99 |      4 |      0 |     96 |   1 |  103.0 |
          Lair |   7249 |   6546 |    703 |    559 |   5189 |   5 | 1449.8 |
        Shoals |   5316 |   5075 |    241 |    720 |   3665 |   4 | 1329.0 |
     Snake Pit |   4705 |   4587 |    118 |    607 |   3303 |   4 | 1176.2 |
  Orcish Mines |   2047 |   1780 |    267 |    330 |   1177 |   2 | 1023.5 |
   Elven Halls |   6145 |   5813 |    332 |   1391 |   3484 |   3 | 2048.3 |
        Vaults |  11160 |  10243 |    917 |   2115 |   6655 |   5 | 2232.0 |
        Depths |   5883 |   5427 |    456 |    704 |   3949 |   4 | 1470.8 |
           Zot |   7826 |   7574 |    252 |   1933 |   4318 |   5 | 1565.2 |
        Bailey |    446 |    446 |      0 |    186 |    115 |   1 |  446.0 |
      Ice Cave |   1499 |   1499 |      0 |    774 |    246 |   1 | 1499.0 |
        Wizlab |    878 |    878 |      0 |    275 |    174 |   1 |  878.0 |
      Gauntlet |    857 |    857 |      0 |    510 |    122 |   1 |  857.0 |
               +--------+--------+--------+--------+--------+-----+--------+

Top non-repeatable levels by time:
   Elf:2: 2802 daAuts
   Zot:5: 2773 daAuts
Vaults:4: 2702 daAuts
Vaults:1: 2517 daAuts
   Elf:3: 2184 daAuts
     D:9: 2172 daAuts
Vaults:5: 2127 daAuts
   Zot:1: 2093 daAuts
Vaults:2: 2072 daAuts
   Zot:2: 2031 daAuts
Depths:2: 1810 daAuts
Vaults:3: 1741 daAuts
    D:14: 1736 daAuts
Depths:4: 1717 daAuts
  Lair:4: 1680 daAuts
